| TOP OF THE 1ST |
|
Toledo Mud Hens batting - Pitching for Columbus Clippers : RHP Roberto Reyes
|
|
Pitching: RHP Roberto Reyes
|
|
|
Batting: RHB Brandon O'Malley
|
0-0: Ball 1-0: Fly out, F8 (Flyball, 8LS, EV 91.9 MPH)
|
|
Batting: RHB J.J. Basil
|
0-0: Called Strike 0-1: Foul Ball, location: 2F 0-2: Ball 1-2: Strikes out swinging
|
|
Batting: LHB Bill Ford
|
0-0: Ball 1-0: Foul Ball, location: 2F 1-1: Foul Ball, location: 2F 1-2: Ball 2-2: SINGLE (Line Drive, 9S, EV 102.5 MPH)
|
|
Batting: LHB Jon Frederick
|
0-0: Called Strike 0-1: Ball Bill Ford steals 2nd base 1-1: Ball 2-1: Foul Ball, location: 2F 2-2: Foul Ball, location: 2F 2-2: Ball Passed Ball! Bill Ford to third 3-2: Strikes out swinging
|
| Top of the 1st over - 0 runs, 1 hit, 0 errors, 1 left on base; Toledo 0 - Columbus 0 |
| BOTTOM OF THE 1ST |
|
Columbus Clippers batting - Pitching for Toledo Mud Hens : RHP Ricky Tercero
|
|
Pitching: RHP Ricky Tercero
|
|
|
Batting: RHB Chang-wei Jiang
|
0-0: Ground out 6-3 (Groundball, 6S, EV 85.0 MPH)
|
|
Batting: LHB Stu Sornson
|
0-0: Called Strike 0-1: Ball 1-1: SINGLE (Line Drive, 78S, EV 98.1 MPH)
|
|
Batting: LHB Jesus Lozano
|
0-0: Called Strike Stu Sornson steals 2nd, throwing error, E2 Stu Sornson to third 0-1: Foul Ball, location: 2F 0-2: Ball 1-2: Ball 2-2: SINGLE (Groundball, 34D, EV 95.6 MPH) Stu Sornson scores
|
|
Batting: RHB Eddie LaRose
|
0-0: Ball 1-0: Foul Ball, location: 2F 1-1: Called Strike Jesus Lozano steals 2nd base 1-2: Ball 2-2: Foul Ball, location: 2F 2-2: Hit by Pitch
|
|
Batting: LHB Jim Keefe
|
0-0: Ball 1-0: Swinging Strike 1-1: Ball 2-1: Foul Ball, location: 2F 2-2: Strikes out looking
|
|
Batting: LHB Robert Watson
|
0-0: Ground out U3 (Groundball, 3, EV 91.9 MPH)
|
| Bottom of the 1st over - 1 run, 2 hits, 1 error, 2 left on base; Toledo 0 - Columbus 1 |
| TOP OF THE 2ND |
|
Toledo Mud Hens batting - Pitching for Columbus Clippers : RHP Roberto Reyes
|
|
Batting: RHB Dan Becvar
|
0-0: Ball 1-0: Foul Ball, location: 2F 1-1: Foul Ball, location: 2F 1-2: Ball 2-2: Ball 3-2: Fly out, F9 (Flyball, 89S, EV 88.1 MPH)
|
|
Batting: RHB Jamie Villagrana
|
0-0: Swinging Strike 0-1: Ball 1-1: Ball 2-1: Called Strike 2-2: Foul Ball, location: 2F 2-2: Strikes out swinging
|
|
Batting: RHB Joel Miller
|
0-0: Called Strike 0-1: Foul Ball, location: 2F 0-2: DOUBLE (Line Drive, 78D, EV 105.0 MPH)
|
|
Batting: SHB Chris Wagler
|
0-0: Called Strike 0-1: Foul Ball, location: 2F 0-2: Ball 1-2: Ball 2-2: Ball 3-2: DOUBLE (Line Drive, 78D, EV 113.8 MPH) Joel Miller scores
|
|
Batting: RHB Keith Hoffman
|
0-0: Ball 1-0: Called Strike 1-1: Ball 2-1: Ball 3-1: Base on Balls
|
|
Batting: RHB Brandon O'Malley
|
0-0: Foul Ball, location: 2F 0-1: Called Strike 0-2: DOUBLE (Flyball, 8RD, EV 97.5 MPH) Chris Wagler scores Keith Hoffman to third
|
|
Batting: RHB J.J. Basil
|
0-0: Ball 1-0: Called Strike 1-1: Foul Ball, location: 2F 1-2: Strikes out swinging
|
| Top of the 2nd over - 2 runs, 3 hits, 0 errors, 2 left on base; Toledo 2 - Columbus 1 |
| BOTTOM OF THE 2ND |
|
Columbus Clippers batting - Pitching for Toledo Mud Hens : RHP Ricky Tercero
|
|
Batting: LHB Corey Trevor
|
0-0: Ball 1-0: Ball 2-0: Called Strike 2-1: Ball 3-1: Base on Balls
|
|
Batting: RHB Stephen Charbonneau
|
0-0: Ball 1-0: Swinging Strike 1-1: Ball 2-1: Swinging Strike 2-2: SINGLE (Groundball, 4MS, EV 65.6 MPH) (infield hit) Corey Trevor to second
|
|
Batting: LHB Jack Bell
|
0-0: Fly out, F2 (Popup, 15S, EV 85.0 MPH)
|
|
Batting: RHB Chang-wei Jiang
|
0-0: Fielders Choice at 2nd, 5-4 (Groundball, 5, EV 88.1 MPH) Corey Trevor to third
|
|
Batting: LHB Stu Sornson
|
0-0: Fly out, F7 (Flyball, 7, EV 90.0 MPH)
|
| Bottom of the 2nd over - 0 runs, 1 hit, 0 errors, 2 left on base; Toledo 2 - Columbus 1 |
| TOP OF THE 3RD |
|
Toledo Mud Hens batting - Pitching for Columbus Clippers : RHP Roberto Reyes
|
|
Batting: LHB Bill Ford
|
0-0: Called Strike 0-1: Swinging Strike 0-2: Ball 1-2: Ball 2-2: Ground out 1-3 (Groundball, 34S, EV 70.0 MPH)
|
|
Batting: LHB Jon Frederick
|
0-0: Ball 1-0: Ground out U3 (Groundball, 34S, EV 72.5 MPH)
|
|
Batting: RHB Dan Becvar
|
0-0: Fly out, F9 (Flyball, 9S, EV 95.6 MPH)
|
| Top of the 3rd over - 0 runs, 0 hits, 0 errors, 0 left on base; Toledo 2 - Columbus 1 |
| BOTTOM OF THE 3RD |
|
Columbus Clippers batting - Pitching for Toledo Mud Hens : RHP Ricky Tercero
|
|
Batting: LHB Jesus Lozano
|
0-0: Called Strike 0-1: Called Strike 0-2: Ball 1-2: Strikes out swinging
|
|
Batting: RHB Eddie LaRose
|
0-0: Swinging Strike 0-1: Foul Ball, location: 2F 0-2: SINGLE (Groundball, 56D, EV 105.0 MPH)
|
|
Batting: LHB Jim Keefe
|
0-0: Ball 1-0: Grounds into double play, 4-6-3 (Groundball, 4, EV 93.8 MPH)
|
| Bottom of the 3rd over - 0 runs, 1 hit, 0 errors, 0 left on base; Toledo 2 - Columbus 1 |
| TOP OF THE 4TH |
|
Toledo Mud Hens batting - Pitching for Columbus Clippers : RHP Roberto Reyes
|
|
Batting: RHB Jamie Villagrana
|
0-0: Ground out 6-3 (Groundball, 6, EV 99.4 MPH)
|
|
Batting: RHB Joel Miller
|
0-0: Called Strike 0-1: Called Strike 0-2: Ball 1-2: Fly out, F7 (Flyball, 7D, EV 100.6 MPH)
|
|
Batting: SHB Chris Wagler
|
0-0: Ball 1-0: Ball 2-0: SINGLE (Groundball, 4MD, EV 104.4 MPH)
|
|
Batting: RHB Keith Hoffman
|
0-0: Ball 1-0: Ball 2-0: Called Strike 2-1: Foul Ball, location: 2F 2-2: Ball 3-2: Strikes out looking
|
| Top of the 4th over - 0 runs, 1 hit, 0 errors, 1 left on base; Toledo 2 - Columbus 1 |
| BOTTOM OF THE 4TH |
|
Columbus Clippers batting - Pitching for Toledo Mud Hens : RHP Ricky Tercero
|
|
Batting: LHB Robert Watson
|
0-0: Ball 1-0: Ball 2-0: Ball 3-0: Base on Balls
|
|
Batting: LHB Corey Trevor
|
0-0: Called Strike 0-1: Ball 1-1: Ball 2-1: Foul Ball, location: 2F 2-2: Strikes out swinging
|
|
Batting: RHB Stephen Charbonneau
|
0-0: Fielders Choice at 2nd, 4-6 (Groundball, 34, EV 87.5 MPH)
|
|
Batting: LHB Jack Bell
|
0-0: Called Strike Stephen Charbonneau steals 2nd base (no throw) 0-1: Foul Ball, location: 2F 0-2: Ball 1-2: SINGLE (Groundball, 6MS, EV 70.6 MPH) (infield hit) Stephen Charbonneau to third
|
|
Batting: RHB Chang-wei Jiang
|
0-0: Ball 1-0: Ball 2-0: SINGLE (Groundball, 56D, EV 94.4 MPH) Stephen Charbonneau scores Jack Bell to second Runner from 2nd tries for 3rd, SAFE, no throw by LF
|
|
Batting: LHB Stu Sornson
|
0-0: SINGLE (Line Drive, 7S, EV 108.8 MPH) Jack Bell scores Chang-wei Jiang to second Runner from 2nd tries for 3rd, SAFE, no throw by LF
|
|
Batting: LHB Jesus Lozano
|
0-0: Called Strike 0-1: Foul Ball, location: 2F 0-2: Strikes out looking
|
| Bottom of the 4th over - 2 runs, 3 hits, 0 errors, 2 left on base; Toledo 2 - Columbus 3 |
| TOP OF THE 5TH |
|
Toledo Mud Hens batting - Pitching for Columbus Clippers : RHP Roberto Reyes
|
|
Batting: RHB Brandon O'Malley
|
0-0: Called Strike 0-1: Ball 1-1: Called Strike 1-2: TRIPLE (Line Drive, 8LXD, EV 105.0 MPH)
|
|
Batting: RHB J.J. Basil
|
0-0: Ball 1-0: Fly out, F2 (Popup, 23F, EV 81.9 MPH)
|
|
Batting: LHB Bill Ford
|
0-0: Foul Ball, location: 2F 0-1: Ball 1-1: Foul Ball, location: 2F 1-2: Strikes out looking
|
|
Batting: LHB Jon Frederick
|
0-0: Called Strike 0-1: Ball 1-1: Swinging Strike 1-2: Ball 2-2: Ball 3-2: Base on Balls
|
|
Batting: RHB Dan Becvar
|
0-0: Called Strike 0-1: Ball 1-1: Called Strike 1-2: Foul Ball, location: 2F 1-2: Foul Ball, location: 2F 1-2: Strikes out swinging
|
| Top of the 5th over - 0 runs, 1 hit, 0 errors, 2 left on base; Toledo 2 - Columbus 3 |
| BOTTOM OF THE 5TH |
|
Columbus Clippers batting - Pitching for Toledo Mud Hens : RHP Ricky Tercero
|
|
Batting: RHB Eddie LaRose
|
0-0: Called Strike 0-1: Ground out 5-3 (Groundball, 56D, EV 88.8 MPH)
|
|
Batting: LHB Jim Keefe
|
0-0: Ball 1-0: Called Strike 1-1: Ball 2-1: Foul Ball, location: 2F 2-2: Ball 3-2: Base on Balls
|
|
Batting: LHB Robert Watson
|
0-0: Ball 1-0: Foul Ball, location: 2F 1-1: SINGLE (Flyball, 9S, EV 86.9 MPH) Jim Keefe to second
|
|
Batting: LHB Corey Trevor
|
0-0: Ball 1-0: Ball 2-0: Ball 3-0: Called Strike 3-1: Base on Balls Jim Keefe to third Robert Watson to second
|
|
Batting: RHB Stephen Charbonneau
|
0-0: SINGLE (Groundball, 6MD, EV 99.4 MPH) Jim Keefe scores Robert Watson to third Corey Trevor to second
|
|
Batting: LHB Jack Bell
|
0-0: Called Strike 0-1: Foul Ball, location: 2F 0-2: Ball 1-2: Strikes out looking
|
|
Batting: RHB Chang-wei Jiang
|
0-0: Called Strike 0-1: Ball 1-1: Ball 2-1: Ball 3-1: Called Strike 3-2: SINGLE (Groundball, 6MS, EV 82.5 MPH) (infield hit) Robert Watson scores Corey Trevor to third Stephen Charbonneau to second
|
|
Pitching: RHP Roberto Benavides
|
|
|
Batting: LHB Stu Sornson
|
0-0: SINGLE (Groundball, 4MD, EV 98.8 MPH) Corey Trevor scores Stephen Charbonneau to third Chang-wei Jiang to second Runner from 3rd tries for Home, SAFE, throw by CF to home
|
|
Batting: LHB Jesus Lozano
|
0-0: Ball 1-0: Called Strike 1-1: Swinging Strike 1-2: Fly out, F8 (Line Drive, 8RD, EV 89.4 MPH)
|
| Bottom of the 5th over - 4 runs, 4 hits, 0 errors, 2 left on base; Toledo 2 - Columbus 7 |
| TOP OF THE 6TH |
|
Toledo Mud Hens batting - Pitching for Columbus Clippers : RHP Roberto Reyes
|
|
Batting: RHB Jamie Villagrana
|
0-0: Ball 1-0: Swinging Strike 1-1: Foul Ball, location: 2F 1-2: Foul Ball, location: 2F 1-2: Ball 2-2: Ball 3-2: Strikes out swinging
|
|
Pitching: LHP Jason Breeden
|
|
|
Batting: RHB Joel Miller
|
0-0: Called Strike 0-1: Ball 1-1: Ball 2-1: Fly out, F7 (Flyball, 7, EV 73.1 MPH)
|
|
Batting: SHB Chris Wagler
|
0-0: Ball 1-0: Called Strike 1-1: Ball 2-1: Called Strike 2-2: Ball 3-2: Strikes out swinging
|
| Top of the 6th over - 0 runs, 0 hits, 0 errors, 0 left on base; Toledo 2 - Columbus 7 |
| BOTTOM OF THE 6TH |
|
Columbus Clippers batting - Pitching for Toledo Mud Hens : RHP Roberto Benavides
|
|
Batting: RHB Eddie LaRose
|
0-0: Ground out 5-3 (Groundball, 56S, EV 87.5 MPH)
|
|
Batting: LHB Jim Keefe
|
0-0: Ball 1-0: Ball 2-0: Ball 3-0: Base on Balls
|
|
Batting: LHB Robert Watson
|
0-0: Ball 1-0: Ball 2-0: Ball 3-0: Base on Balls Jim Keefe to second
|
|
Batting: LHB Corey Trevor
|
0-0: TRIPLE (Groundball, 3L, EV 108.1 MPH) Jim Keefe scores Robert Watson scores
|
|
Batting: RHB Stephen Charbonneau
|
0-0: Ball 1-0: Fly out, F9 (Flyball, 9D, EV 100.0 MPH)
|
|
Batting: LHB Jack Bell
|
0-0: Ball 1-0: Swinging Strike 1-1: Foul Ball, location: 2F 1-2: Foul Ball, location: 2F 1-2: Strikes out swinging
|
| Bottom of the 6th over - 2 runs, 1 hit, 0 errors, 1 left on base; Toledo 2 - Columbus 9 |
| TOP OF THE 7TH |
|
Toledo Mud Hens batting - Pitching for Columbus Clippers : LHP Jason Breeden
|
|
Batting: RHB Keith Hoffman
|
0-0: Ball 1-0: SINGLE (Flyball, 9S, EV 96.9 MPH)
|
|
Batting: RHB Brandon O'Malley
|
0-0: Called Strike 0-1: Ball 1-1: Foul Ball, location: 2F 1-2: Foul Ball, location: 2F 1-2: Ball 2-2: Foul Ball, location: 2F 2-2: SINGLE (Groundball, 4S, EV 61.2 MPH) (infield hit) Keith Hoffman to second
|
|
Pinch Hitting: SHB Scott Bartholomew
|
0-0: Ball 1-0: Ball 2-0: Fly out, F7 (Flyball, 78M, EV 97.5 MPH)
|
|
Batting: LHB Bill Ford
|
0-0: Ground out 5-3 (Groundball, 56S, EV 68.8 MPH) Keith Hoffman to third Brandon O'Malley to second
|
|
Batting: LHB Jon Frederick
|
0-0: SINGLE (Flyball, 78S, EV 91.2 MPH) Keith Hoffman scores Brandon O'Malley to third Runner from 3rd tries for Home, SAFE, throw by CF to home
|
|
Batting: RHB Dan Becvar
|
0-0: Ball 1-0: Swinging Strike 1-1: Foul Ball, location: 2F 1-2: Fly out, F9 (Flyball, 9D, EV 106.2 MPH)
|
| Top of the 7th over - 2 runs, 3 hits, 0 errors, 1 left on base; Toledo 4 - Columbus 9 |
| BOTTOM OF THE 7TH |
|
Columbus Clippers batting - Pitching for Toledo Mud Hens : RHP Roberto Benavides
|
|
Now at 2B: Scott Bartholomew
|
|
|
Batting: RHB Chang-wei Jiang
|
0-0: Foul Ball, location: 2F 0-1: Ball 1-1: Called Strike 1-2: Strikes out swinging
|
|
Batting: LHB Stu Sornson
|
0-0: Swinging Strike 0-1: Ball 1-1: Ball 2-1: Ball 3-1: Foul Ball, location: 2F 3-2: Base on Balls
|
|
Batting: LHB Jesus Lozano
|
0-0: Ball 1-0: Swinging Strike 1-1: Swinging Strike 1-2: Ball 2-2: Ball 3-2: Foul Ball, location: 2F 3-2: Foul Ball, location: 2F 3-2: Base on Balls Stu Sornson to second
|
|
Batting: RHB Eddie LaRose
|
0-0: Ball 1-0: Ball 2-0: Foul Ball, location: 2F 2-1: Foul Ball, location: 2F 2-2: Ball 3-2: Base on Balls Stu Sornson to third Jesus Lozano to second
|
|
Batting: LHB Jim Keefe
|
0-0: Grounds into fielders choice 1-2 (Groundball, 25, EV 69.4 MPH) Jesus Lozano to third Eddie LaRose to second
|
|
Batting: LHB Robert Watson
|
0-0: Foul Ball, location: 2F 0-1: Foul Ball, location: 2F 0-2: Ball 1-2: Foul Ball, location: 2F 1-2: Strikes out swinging
|
| Bottom of the 7th over - 0 runs, 0 hits, 0 errors, 3 left on base; Toledo 4 - Columbus 9 |
| TOP OF THE 8TH |
|
Toledo Mud Hens batting - Pitching for Columbus Clippers : LHP Jason Breeden
|
|
Now at 1B: Jesus Lozano
|
|
|
Now at 2B: Jason Sher
|
|
|
Batting: RHB Jamie Villagrana
|
0-0: Called Strike 0-1: Ground out 6-3 (Groundball, 6M, EV 82.5 MPH)
|
|
Batting: RHB Joel Miller
|
0-0: Called Strike 0-1: Ball 1-1: Ball 2-1: Fly out, F8 (Line Drive, 89M, EV 98.1 MPH)
|
|
Batting: SHB Chris Wagler
|
0-0: Called Strike 0-1: Ball 1-1: Ball 2-1: SINGLE (Groundball, 13S, EV 73.8 MPH) (infield hit)
|
|
Batting: RHB Keith Hoffman
|
0-0: Foul Ball, location: 2F 0-1: Called Strike 0-2: Ball 1-2: Ball 2-2: Fielders Choice at 2nd, 5-4 (Groundball, 56, EV 85.0 MPH)
|
| Top of the 8th over - 0 runs, 1 hit, 0 errors, 1 left on base; Toledo 4 - Columbus 9 |
| BOTTOM OF THE 8TH |
|
Columbus Clippers batting - Pitching for Toledo Mud Hens : RHP Roberto Benavides
|
|
Batting: LHB Corey Trevor
|
0-0: Ground out U3 (Groundball, 34S, EV 90.0 MPH)
|
|
Batting: RHB Stephen Charbonneau
|
0-0: Ball 1-0: SINGLE (Groundball, 6D, EV 106.9 MPH)
|
|
Pitching: RHP Luis Brown
|
|
|
Batting: LHB Jack Bell
|
0-0: Ball 1-0: Called Strike Stephen Charbonneau steals 2nd base 1-1: Ball 2-1: Called Strike 2-2: Fly out, F8 (Line Drive, 8LD, EV 105.6 MPH)
|
|
Batting: RHB Chang-wei Jiang
|
0-0: Called Strike 0-1: Called Strike 0-2: Ball 1-2: Foul Ball, location: 2F 1-2: Ball 2-2: Ball 3-2: Ground out 2-3 (Groundball, 2R, EV 70.6 MPH)
|
| Bottom of the 8th over - 0 runs, 1 hit, 0 errors, 1 left on base; Toledo 4 - Columbus 9 |
| TOP OF THE 9TH |
|
Toledo Mud Hens batting - Pitching for Columbus Clippers : LHP Jason Breeden
|
|
Batting: RHB Brandon O'Malley
|
0-0: Called Strike 0-1: Called Strike 0-2: Ball 1-2: Strikes out swinging
|
|
Batting: SHB Scott Bartholomew
|
0-0: Ball 1-0: Foul Ball, location: 2F 1-1: Ground out 4-3 (Groundball, 4, EV 79.4 MPH)
|
|
Batting: LHB Bill Ford
|
0-0: Ball 1-0: Swinging Strike 1-1: Fly out, F8 (Flyball, 8RD, EV 103.8 MPH)
|
| Top of the 9th over - 0 runs, 0 hits, 0 errors, 0 left on base; Toledo 4 - Columbus 9 |
|